 Dungeon Crawl Stone Soup version 0.28.0 (webtiles) character file.

Game seed: 8414667261731210163

8688 browni3141 the Cleaver (level 11, -7/156 HPs)
             Began as a Minotaur Berserker on Feb 16, 2022.
             Was a High Priest of Trog.
             Mangled by a cyclops (19 damage)
             ... on level 9 of the Dungeon.
             The game lasted 00:05:27 (9588 turns).

browni3141 the Cleaver (Minotaur Berserker)         Turns: 9588, Time: 00:05:28

Health: -7/156     AC: 16    Str: 26    XL:     11   Next: 13%
Magic:  10/10      EV: 11    Int:  1    God:    Trog [*****.]
Gold:   466        SH:  0    Dex: 10    Spells: 10/10 levels left

rFire   + . .      SeeInvis .   o - +0 broad axe
rCold   . . .      Faith    +   (no shield)
rNeg    . . .      Spirit   .   w - +4 scale mail of Pathos {rElec Int-3 Slay+3}
rPois   +          Reflect  .   (helmet restricted)
rElec   +          Harm     .   v - +0 cloak
rCorr   .          Rampage  .   (no gloves)
Will    .....                   y - +0 pair of boots
Stlth   ..........              I - amulet of faith
HPRegen 0.36/turn               g - ring of protection from fire
MPRegen 0.12/turn               M - ring of poison resistance

@: berserking (expiring), slowed
A: horns 2, retaliatory headbutt
a: Renounce Religion, Berserk, Trog's Hand, Brothers in Arms


You were on level 9 of the Dungeon.
You worshipped Trog.
Trog was extremely pleased with you.
You visited 2 branches of the dungeon, and saw 10 of its levels.

You collected 466 gold pieces.

Inventory:

Hand Weapons
 a - a +0 hand axe
 o - a +0 broad axe (weapon)
Armour
 b - a +0 animal skin
 e - a +0 plate armour
 r - the +0 chain mail of the Kraken {+Blink MP+9 Int-4 Dex+10}
   (You found it on level 4 of the Dungeon)

   Int:       It affects your intelligence (-4).
   Dex:       It affects your dexterity (+10).
   MP:        It affects your magic capacity (+9).
   +Blink:    It lets you blink.
 v - a +0 cloak (worn)
 w - the +4 scale mail of Pathos (worn) {rElec Int-3 Slay+3}
   (You took it off a gnoll on level 3 of the Dungeon)

   Int:       It affects your intelligence (-3).
   Slay:      It affects your accuracy & damage with ranged weapons and melee
   (+3).
   rElec:     It insulates you from electricity.
 y - a +0 pair of boots (worn)
Jewellery
 g - a ring of protection from fire (left hand)
 z - a ring of see invisible
 I - an amulet of faith (around neck)
 L - an amulet of reflection
 M - a ring of poison resistance (right hand)
 Q - an amulet of the acrobat
Wands
 q - a wand of paralysis (12)
 t - a wand of acid (9)
 x - a wand of flame (43)
 E - a wand of mindburst (15)
 O - a wand of digging (2)
Scrolls
 d - 4 scrolls of noise
 i - 2 scrolls of teleportation
 m - a scroll of torment
 n - 2 scrolls of enchant armour
 p - a scroll of blinking
 A - 3 scrolls of silence
 B - 2 scrolls of fear
 C - 2 scrolls of vulnerability {unknown}
 D - a scroll of brand weapon {unknown}
 F - 2 scrolls of immolation {unknown}
 G - 2 scrolls of enchant weapon {unknown}
 R - a scroll of identify
Potions
 c - 3 potions of might
 f - 2 potions of heal wounds {unknown}
 h - 2 potions of brilliance
 j - 2 potions of curing {unknown}
 k - a potion of resistance {unknown}
 l - 3 potions of flight {unknown}
 s - a potion of invisibility {unknown}
 u - 2 potions of attraction {unknown}
 H - a potion of berserk rage {unknown}
 J - a potion of lignification {unknown}
 K - 2 potions of magic {unknown}
 N - a potion of haste {unknown}
 P - 2 potions of cancellation {unknown}


   Skills:
 + Level 12.0 Fighting
 + Level 12.1 Axes
 + Level 11.8 Armour
 - Level 2.1 Dodging
 * Level 4.0 Evocations


You had 10 spell levels left.
You didn't know any spells.
Your spell library was empty.

Dungeon Overview and Level Annotations

Branches:
Dungeon (9/15)             Temple (0/1) D:5            Lair (1/6) D:8
    Orc: D:9-12

Altars:
Elyvilon
Hepliaklqana
Makhleb
Nemelex Xobeh
Okawaru
Ru
Yredelemnul
Zin


Innate Abilities, Weirdness & Mutations

You have a pair of horns on your head.
You reflexively headbutt those who attack you in melee.


Message History

The orc warrior hits you with a +0 long sword!
The freezing wraith hits you. The freezing wraith freezes you!
* * * LOW HITPOINT WARNING * * *
The freezing wraith hits you but does no damage.
You are too injured to fight recklessly!
You are too injured to fight recklessly!
You completely miss the orc warrior. Your headbutt misses the orc warrior.
The orc warrior is severely wounded.
You barely miss the freezing wraith.
The orc warrior hits you but does no damage.
The freezing wraith barely misses you. The freezing wraith hits you!
* * * LOW HITPOINT WARNING * * *
The freezing wraith drains your vigour!
You feel as though you will be slow longer.
You are too injured to fight recklessly!
You slash the orc warrior!
You kill the orc warrior!
Trog accepts your kill.
You hit the freezing wraith.
The freezing wraith hits you but does no damage.
The freezing wraith closely misses you.
You are too injured to fight recklessly!
You cut the cyclops into ribbons!!! You punch the cyclops.
The cyclops is severely wounded.
You slash the freezing wraith!
The freezing wraith hits you but does no damage. x2
You are too injured to fight recklessly!
You are too injured to fight recklessly!
You barely miss the freezing wraith.
The freezing wraith is severely damaged.
You hit the cyclops. The freezing wraith hits you.
* * * LOW HITPOINT WARNING * * *
The freezing wraith freezes you!!
* * * LOW HITPOINT WARNING * * *
The freezing wraith barely misses you.
You are too injured to fight recklessly!
You barely miss the freezing wraith.
The freezing wraith is severely damaged.
You hit the cyclops. You slash the cyclops! The cyclops hits you!!
You die...

#################
................#
................. ###
###.##.#..###### #P.
..#..#.##.#
#.#+#.#.#..##.#
#.#!#.#..#.#..+
#.###.#.#...#.#
#PW@C.#.##..#.#
...###C###.#.#.#.######
............#####.......
.....##.###...##.##..#.#
.... ......#..#....#.#..
.....###.##.#.#####..###
###........#.#..#...##.#
# ##..#.##.##.# #.
####)...#..#.......


You could see 2 cyclopes and a freezing wraith.

Vanquished Creatures
  Pikel (D:5)
  Joseph (D:7)
  Psyche (D:8)
  2 hornets (D:9)
  Prince Ribbit (D:5)
  A vampire (D:9)
  A wyvern (D:7)
  A wraith (D:9)
  Grum (D:9)
  3 yaks (D:8)
  3 steam dragons
  Edmund (D:5)
  A water moccasin (D:7)
  2 sky beasts
  13 orc warriors
  2 black bears
  3 necrophages
  4 wolves (D:9)
  2 centaurs
  3 ogres (D:5)
  2 kobold brigands
  4 lemures (D:5)
  3 bullfrogs
  2 scorpions
  A water moccasin zombie (D:7)
  5 killer bees (D:9)
  15 wights
  A howler monkey (D:5)
  An electric eel (D:9)
  A bullfrog zombie (D:5)
  Crazy Yiuf (D:4)
  5 hounds
  2 jellies
  A gnoll shaman (D:5)
  6 orc priests
  3 centaur zombies
  A centaur skeleton (D:5)
  3 bullfrog skeletons
  3 iguanas
  11 orc wizards
  A hound zombie (D:5)
  8 gnolls
  11 adders
  3 shadow imps
  A white imp (D:6)
  2 ufetubi (D:5)
  6 dart slugs
  32 orcs
  13 ball pythons
  10 endoplasms
  2 giant cockroaches
  9 goblins
  3 hobgoblins
  3 jackals (D:3)
  11 kobolds
  3 quokkas
  2 bats (D:1)
  3 frilled lizards (D:2)
  3 rats
244 creatures vanquished.

Vanquished Creatures (others)
  2 plants (D:9)
  5 toadstools (D:1)
7 creatures vanquished.

Grand Total: 251 creatures vanquished

Notes
Turn   | Place    | Note
-------+----------+-------------------------------------------
     0 | D:1      | browni3141 the Minotaur Berserker began the quest for the
                  | Orb.
     0 | D:1      | Reached XP level 1. HP: 19/19 MP: 0/0
   128 | D:1      | Found a faded altar of an unknown god.
   182 | D:1      | Reached XP level 2. HP: 27/27 MP: 1/1
   829 | D:2      | Reached XP level 3. HP: 33/33 MP: 2/2
   969 | D:2      | Reached ** piety under Trog
  1196 | D:2      | Reached XP level 4. HP: 37/41 MP: 3/3
  1579 | D:2      | Found a sacrificial altar of Ru.
  2110 | D:3      | Found a hazy altar of Hepliaklqana.
  2231 | D:3      | Reached skill level 5 in Axes
  2231 | D:3      | Reached XP level 5. HP: 35/47 MP: 4/4
  2231 | D:3      | Reached *** piety under Trog
  2334 | D:3      | Reached skill level 5 in Fighting
  2444 | D:3      | Identified the +4 scale mail of Pathos {rElec Int-3 Slay+3}
  2956 | D:4      | Noticed an orc warrior
  2966 | D:4      | Killed an orc warrior
  2967 | D:4      | Reached skill level 5 in Armour
  2967 | D:4      | Reached XP level 6. HP: 36/57 MP: 5/5
  2986 | D:4      | HP: 2/57 [centaur/arrow (6)]
  3317 | D:4      | Identified the +0 chain mail of the Kraken {+Blink MP+9
                  | Int-4 Dex+10}
  3688 | D:4      | Found a runed translucent door.
  3689 | D:4      | Noticed Crazy Yiuf
  3821 | D:4      | Killed Crazy Yiuf
  3922 | D:5      | Entered Level 5 of the Dungeon
  3927 | D:5      | Reached XP level 7. HP: 63/63 MP: 6/6
  3960 | D:5      | Noticed Prince Ribbit
  3965 | D:5      | Killed Prince Ribbit
  4189 | D:5      | Noticed Edmund
  4198 | D:5      | Killed Edmund
  4199 | D:5      | Reached XP level 8. HP: 54/73 MP: 7/7
  4291 | D:5      | Noticed Pikel
  4302 | D:5      | Killed Pikel
  4587 | D:5      | Found a white marble altar of Elyvilon.
  4816 | D:5      | Found an iron altar of Okawaru.
  4832 | D:5      | Found a basalt altar of Yredelemnul.
  4913 | D:5      | Found a staircase to the Ecumenical Temple.
  5002 | D:6      | Reached XP level 9. HP: 82/82 MP: 8/8
  5323 | D:6      | Reached **** piety under Trog
  5464 | D:6      | Found a faded altar of an unknown god.
  5902 | D:6      | Found a sparkling altar of Nemelex Xobeh.
  5925 | D:6      | Identified the +4 dagger "Olucewn" {freeze, rN+ Int+4
                  | Dex+4}
  6190 | D:7      | Noticed Joseph
  6197 | D:7      | Killed Joseph
  6198 | D:7      | Reached skill level 10 in Fighting
  6198 | D:7      | Reached skill level 10 in Axes
  6200 | D:7      | Reached skill level 10 in Armour
  6309 | D:7      | Reached XP level 10. HP: 77/94 MP: 9/9
  7184 | D:8      | Found a burning altar of Makhleb.
  7184 | D:8      | Found a glowing silver altar of Zin.
  7185 | D:8      | Noticed an angel
  7185 | D:8      | Noticed an Executioner
  7772 | D:8      | Found a staircase to the Lair.
  7833 | D:8      | Noticed Psyche
  7848 | D:8      | Killed Psyche
  7849 | D:8      | Reached skill level 1 in Evocations
  8211 | Lair:1   | Entered Level 1 of the Lair of Beasts
  8511 | D:9      | Reached ***** piety under Trog
  8926 | D:9      | Noticed Grum
  8937 | D:9      | Reached XP level 11. HP: 39/104 MP: 10/10
  8942 | D:9      | Killed Grum
  9588 | D:9      | Mangled by a cyclops

Illustrated notes

Levels and vault maps discovered:
D:1:      ldierk_walled_garden, layout_loops_ring,
          hellmonk_ecumenical_altar_arch_garden
D:2:      layout_basic, basic_altar, amcnicky_mini_corridor_feature,
          minmay_snake_closets
D:3:      layout_basic, worldfamousw_hep_ancestral_shrine, chequers_garden
D:4:      layout_basic, nicolae_concentric_dashed_squares_wild,
          hangedman_abyss_or_decor_stabs, uniq_crazy_yiuf_cottage
D:5:      layout_rooms, mainiacjoe_overflow_swirl,
          lemuel_coloured_pillars_altar, minmay_temple_entry_poolview,
          uniq_prince_ribbit1, uniq_pikel, uniq_edmund
D:6:      layout_cave_pods, mainiacjoe_overflow_alcove_2, serial_column_ruins,
          column_ruins_hut, column_ruins_temple_hut, column_ruins_open_small,
          column_ruins_grid_1, column_ruins_columns_dead_end,
          column_ruins_grid_2, column_ruins_open_tiny,
          column_ruins_columns_dead_end, column_ruins_open_tiny
D:7:      layout_basic, uniq_joseph
D:8:      layout_basic, grunt_temple_overflow_order_and_chaos_2,
          lair_entry_dummy, uniq_psyche
D:9:      layout_basic, erik_orc_2, hangedman_decor_push, nrook_campfire,
          minmay_shattered_shrine, uniq_grum
Lair:1:   layout_loops_ring, basic_altar, minivault_25, uniq_urug

Skill      XL: |  1  2  3  4  5  6  7  8  9 10 11 |
---------------+----------------------------------+-----
Axes           | 4 5 6 7 9 10 12 | 12.1
Fighting       | 4 5 6 7 8 10 11 12 | 12.0
Armour         | 3 4 5 7 8 10 11 | 11.8
Evocations     | 3 4 |  4.0
Dodging        | |  2.1

Action                   |  1- 3 |  4- 6 |  7- 9 | 10-12 || total
-------------------------+-------+-------+-------+-------++-------
Melee: Hand axe          |    81 |    52 |       |       ||   133
       Headbutt          |     8 |    17 |    18 |    33 ||    76
       Punch             |     1 |     2 |     4 |     3 ||    10
       Broad axe         |       |    77 |   118 |   171 ||   366
       Unarmed           |       |       |       |    16 ||    16
Invok: Berserk           |       |     3 |     5 |     5 ||    13
       Trog's Hand       |       |       |       |     1 ||     1
Evoke: Wand              |       |     2 |       |       ||     2
  Use: Scroll            |       |     5 |     2 |     2 ||     9
 Stab: Paralysed         |       |     2 |       |       ||     2
Armor: Plate armour      |    53 |    95 |       |       ||   148
       Scale mail        |       |     3 |    67 |   100 ||   170
       Skin              |       |       |       |     8 ||     8
Dodge: Dodged            |    31 |    55 |    82 |   139 ||   307
